 Dungeon Crawl Stone Soup version 0.31-a0-1172-g9944ec47dd (webtiles) character file.

Game seed: 4329361251884976172

43438 Sabo the Severer (level 14, -10/140 HPs)
             Began as a Hill Orc Monk on Dec 9, 2023.
             Was an Elder of Ashenzari.
             Mangled by a tengu reaver
             ... wielding a +3 glaive of flaming
              (14 damage)
             ... on level 12 of the Dungeon on Dec 11, 2023.
             The game lasted 01:41:03 (18197 turns).

Sabo the Severer (Hill Orc Monk)                   Turns: 18197, Time: 01:41:04

Health: -10/140    AC: 40    Str: 19    XL:     14   Next: 24%
Magic:  23/23      EV:  9    Int: 10    God:    Ashenzari [****..]
Gold:   856        SH:  0    Dex: 13    Spells: 13/13 levels left

rFire   . . .        B - +3 war axe (protect)
rCold   + . .        d - orb "I Knew You'd Do That" {light, Dev, Self} (curse)
rNeg    + . .        C - +3 plate armour {rC+}
rPois   +            l - +2 helmet "Eternal With Me" {Range, Cun} (curse)
rElec   .            z - +2 cloak of Ashenzari's Sybil {Elem, Range} (curse)
rCorr   +            j - +2 pair of gloves "Per Aspera Ad Scientiam" {Cun, Bglg} (curse)
SInv    +            H - +2 pair of boots of the All-seeing God {Cun, Bglg} (curse)
Will    +....        x - amulet of the acrobat Stlth
                     i - ring "Ensconced Regret" {rPois, Elem, Range} (curse)
HPRegen 0.43/turn    m - ring "Circumscribed Yoke" {rN+ rCorr MP+9, Range, Melee} (curse)
MPRegen 0.18/turn

%: acrobat, clarity
@: mighty, under a protective aura, slowed, glowing, very slow
A: no striking features
a: Renounce Religion, Curse Item, Shatter the Chains


You were on level 12 of the Dungeon.
You worshipped Ashenzari.
Ashenzari was greatly pleased with you.
You visited 3 branches of the dungeon, and saw 15 of its levels.
You also visited: Ossuary and Ice Cave.

You collected 856 gold pieces.

Inventory:

Hand Weapons
 B - a +3 war axe of protection (weapon)
 G - a +2 scimitar of flaming
 M - a +2 battleaxe of freezing
 O - a +2 hand cannon of freezing
 P - a +2 scimitar of freezing
 Q - a +0 double sword of freezing
Missiles
 e - 28 poisoned darts (quivered)
 p - 4 darts of dispersal
 v - 6 curare-tipped darts
Armour
 d - the cursed orb "I Knew You'd Do That" (worn) {light, Dev, Self}

   It has a curse which improves the following skills: Devices: Evocations and
   Shapeshifting.
   Introspection: Fighting and Spellcasting.
 j - the cursed +2 pair of gloves "Per Aspera Ad Scientiam" (worn) {Cun, Bglg}
   (You found it on level 4 of the Dungeon)

   It has a curse which improves the following skills: Cunning: Dodging and
   Stealth.
   Beguiling: Conjurations, Hexes and Translocations.
 l - the cursed +2 helmet "Eternal With Me" (worn) {Range, Cun}
   (You found it on level 1 of the Dungeon)

   It has a curse which improves the following skills: Ranged Combat: Ranged
   Weapons and Throwing.
   Cunning:   Dodging and Stealth.
 z - the cursed +2 cloak of Ashenzari's Sybil (worn) {Elem, Range}
   (You found it on level 5 of the Dungeon)

   It has a curse which improves the following skills: Elements: Fire Magic, Ice
   Magic, Air Magic and Earth Magic.
   Ranged Combat: Ranged Weapons and Throwing.
 C - a +3 plate armour of cold resistance (worn)
 H - the cursed +2 pair of boots of the All-seeing God (worn) {Cun, Bglg}
   (You found it on level 8 of the Dungeon)

   It has a curse which improves the following skills: Cunning: Dodging and
   Stealth.
   Beguiling: Conjurations, Hexes and Translocations.
 R - a +2 kite shield of cold resistance
Jewellery
 a - a ring of protection from fire
 b - a ring of protection from fire
 i - the cursed ring "Ensconced Regret" (left hand) {rPois, Elem, Range}
   (You found it on level 1 of the Dungeon)

   [ring of poison resistance]

   rPois:     It protects you from poison It has a curse which improves the
   following skills: Elements: Fire Magic, Ice Magic, Air Magic and Earth Magic.
   Ranged Combat: Ranged Weapons and Throwing.
 m - the cursed ring "Circumscribed Yoke" (right hand) {rN+ rCorr MP+9, Range, Melee}
   (You acquired it on level 1 of the Lair of Beasts)

   [ring of positive energy]

   rN+:       It protects you from negative energy.
   MP+9:      It affects your magic capacity (+9).
   rCorr:     It protects you from acid and corrosion.
   It has a curse which improves the following skills: Ranged Combat: Ranged
   Weapons and Throwing.
   Melee Combat: Short Blades, Long Blades, Axes, Maces & Flails, Polearms,
   Staves and Unarmed Combat.
 x - an amulet of the acrobat (around neck)
 J - a ring of protection from cold
Wands
 f - a wand of flame (3)
 y - a wand of acid (1)
 D - a wand of roots (6)
 E - a wand of digging (8)
Scrolls
 c - 3 scrolls of fog
 h - 2 scrolls of butterflies
 o - 5 scrolls of revelation
 r - 2 scrolls of teleportation
 s - a scroll of blinking
 u - 2 scrolls of fear
 w - 2 scrolls of silence
 K - 3 scrolls of brand weapon
 L - a scroll of immolation
Potions
 n - a potion of magic
 q - 5 potions of haste
 t - a potion of curing
 F - 2 potions of resistance
 S - a potion of cancellation
 T - 2 potions of mutation
Miscellaneous
 k - a phial of floods
 A - a phantom mirror
 I - a box of beasts


   Skills:
 + Level 15.8(17.5) Fighting
 + Level 20.4(22.0) Axes
 + Level 2.0(5.1) Throwing
 + Level 12.7 Armour
 + Level 4.7(8.1) Dodging
 + Level 2.0(4.5) Stealth
 + Level 1.1(2.2) Evocations


You had 13 spell levels left.
You didn't know any spells.
Your spell library contained the following spells:

 Spells                   Type           Power      Damage    Failure   Level
 Kiss of Death            Conj/Necr      0%         2d5       99%         1
 Sting                    Tmut/Pois      0%         1d3       99%         1
 Ensorcelled Hibernation  Hex/Ice        0%         N/A       100%        2
 Passwall                 Tmut/Erth      0%         N/A       100%        2
 Poisonous Vapours        Pois/Air       0%         N/A       100%        2
 Static Discharge         Conj/Air       0%         3-3/arc   100%        2
 Call Canine Familiar     Summ           0%         N/A       100%        3
 Confusing Touch          Hex            0%         N/A       100%        3
 Dazzling Flash           Conj/Hex       0%         N/A       100%        3
 Gell's Gravitas          Tloc           0%         N/A       100%        3
 Ozocubu's Armour         Ice            0%         N/A       100%        3
 Sigil of Binding         Hex            0%         N/A       100%        3
 Swiftness                Air            0%         N/A       100%        3
 Teleport Other           Tloc           0%         N/A       100%        3
 Volatile Blastmotes      Fire/Tloc      0%         2d10      100%        3
 Airstrike                Air            0%         2d(0-16)  100%        4
 Dimensional Bullseye     Hex/Tloc       0%         N/A       100%        4
 Dispel Undead            Necr           0%         3d6       100%        4
 Leda's Liquefaction      Hex/Erth       0%         N/A       100%        4
 Olgreb's Toxic Radiance  Pois           0%         N/A       100%        4
 Summon Lightning Spire   Summ/Air       0%         N/A       100%        4
 Dispersal                Tloc           0%         N/A       100%        6
 Starburst                Conj/Fire      0%         6d3       100%        6
 Ozocubu's Refrigeration  Ice            0%         4d7       100%        7
 Maxwell's Capacitive Co  Air            0%         ∞         100%        8


Dungeon Overview and Level Annotations

Branches:
Dungeon (12/15)            Temple (1/1) D:5            Lair (2/5) D:10
    Orc (0/2) D:11        Ossuary (visited)           IceCv (visited)
  Swamp: Lair:2-3    Shoals: Lair:2-3     Snake: Lair:2-3    Spider: Lair:2-3

Altars:
Ashenzari
Cheibriados
Dithmenos
Elyvilon
Fedhas
Gozag
Hepliaklqana
Kikubaaqudgha
Makhleb
Nemelex Xobeh
Okawaru
Qazlal
Ru
Sif Muna
Trog
Uskayaw
Vehumet
Wu Jian
Xom
Yredelemnul
Zin
The Shining One

Shops:
D:1 :   D:12 :

Portals:
Trove: D:10 (give +3 fire dragon scales)

Annotations:
D:12 1 runed translucent door, Phlounder's ghost, journeyman DjCA


Message History

The tengu reaver hits you with a +3 glaive of flaming!
* * * LOW HITPOINT WARNING * * *
The tengu reaver burns you.
* * * LOW HITPOINT WARNING * * *
The tengu reaver pecks you but does no damage.
The tengu reaver claws you but does no damage.
The phantasmal warrior hits you but does no damage.
You slash the tengu reaver!
The tengu reaver is moderately wounded.
You hit the phantasmal warrior.
The tengu reaver hits you with a +3 glaive of flaming.
* * * LOW HITPOINT WARNING * * *
The tengu reaver burns you.
* * * LOW HITPOINT WARNING * * *
The tengu reaver pecks you but does no damage.
The tengu reaver claws you but does no damage.
The phantasmal warrior hits you but does no damage.
You barely miss the tengu reaver.
The tengu reaver is moderately wounded.
You hit the phantasmal warrior.
The phantasmal warrior hits you but does no damage.
The tengu reaver gestures at you while chanting.
The bolt of poison hits you but does no damage.
You resist.
The bolt of poison hits the phantasmal warrior.
The phantasmal warrior completely resists.
You slash the tengu reaver!
The tengu reaver is heavily wounded.
You hit the phantasmal warrior but do no damage.
The tengu reaver hits you but does no damage.
The tengu reaver pecks you.
* * * LOW HITPOINT WARNING * * *
The tengu reaver claws you but does no damage.
The phantasmal warrior hits you but does no damage.
You slash the tengu reaver!
The tengu reaver is severely wounded.
You hit the phantasmal warrior but do no damage.
The phantasmal warrior hits you but does no damage.
The tengu reaver hits you with a +3 glaive of flaming!
You die...

#### #.#8.8W8{8*{# #.##.......
###.........# #.###......
#♣..###....# #.# #......
*#..##.##.♣.# #.# #...... ##
*...#...#{..###.# #...... 8##
*,♣.#.⌠.#♣{##...# #...... ..##
**.,*...#{{##.### ####### ..8#
##+**,#.##p##.# #. ..##
#..,,,#W@Qz##.# #. ..#
#.#***####....## #. ..## #.#
#.......# #. ..8#
#.######.......# #.
..##*####..............#### #.
..##8#.......###..........####
#. ............##
#.........≈...# #.
...........##
#!.......≈.≈..###.
...........#
#......?≈...≈.....


You could see a tengu reaver (repels missiles), a skeletal warrior, a phantasmal
warrior and a necromancer.

Vanquished Creatures
  A lich (D:12)
  A frost giant (IceCv)
  A hydra (D:10)
  Erica (D:8)
  A boulder beetle (D:12)
  8 death yaks (IceCv)
  5 two-headed ogres
  Sonja (D:10)
  2 slime creatures (D:12)
  A deep elf pyromancer (D:12)
  Pikel (D:7)
  An orc knight (D:12)
  An ugly thing (IceCv)
  2 cyclopes (D:11)
  3 manticores
  Maurice (D:12)
  5 elephants (Lair:1)
  An ice statue (IceCv)
  A black mamba (Lair:1)
  3 centaur zombies (D:11)
  2 cane toads (Lair:1)
  2 gargoyles
  2 komodo dragons
  2 kobold demonologists (D:11)
  6 rime drakes
  An unseen horror (D:11)
  A meliai (D:11)
  5 polar bears (IceCv)
  A troll (D:11)
  A hornet (D:10)
  4 shadows
  Sigmund (D:3)
  4 wyverns
  3 wraiths
  3 vampires
  2 basilisks
  53 yaks
  4 steam dragons
  5 vampire mosquitoes
  Menkaure (D:7)
  An acid dragon (D:12)
  4 water moccasins
  8 orc warriors
  3 black bears
  3 ice beasts (D:10)
  4 sky beasts
  An ogre (D:5)
  2 centaurs
  7 wolves
  A phantom (D:5)
  2 kobold brigands (D:11)
  8 bullfrogs
  3 gnoll sergeants
  3 scorpions
  5 water moccasin zombies (Ossuary)
  3 killer bees (D:7)
  6 mutant beasts (D:8)
  4 howler monkeys
  15 orc priests
  2 jellies
  A spectral scorpion (Ossuary)
  2 hounds
  2 iguanas
  A sleepcap (D:6)
  Natasha (twice) (D:3)
  10 orc wizards
  A crocodile zombie (Ossuary)
  2 mummies (Ossuary)
  A howler monkey zombie (D:11)
  11 adders
  12 gnolls
  A white imp (D:6)
  An ufetubus (D:5)
  4 adder zombies (Ossuary)
  2 worms
  3 dart slugs
  37 orcs
  12 ball pythons
  5 bats
  2 endoplasms
  3 giant cockroaches
  5 gnoll zombies (Ossuary)
  6 goblins
  4 hobgoblins
  9 kobolds
  5 quokkas
  4 frilled lizards
  4 hobgoblin zombies (Ossuary)
  7 kobold zombies (Ossuary)
  8 orc zombies (Ossuary)
  A rat (D:2)
397 creatures vanquished.

Vanquished Creatures (others)
  An ufetubus (D:5)
  A butterfly (D:8)
2 creatures vanquished.

Grand Total: 399 creatures vanquished

Notes
Turn   | Place    | Note
-------+----------+-------------------------------------------
     0 | D:1      | Sabo the Hill Orc Monk began the quest for the Orb.
     0 | D:1      | Reached XP level 1. HP: 19/19 MP: 1/1
   227 | D:1      | Reached XP level 2. HP: 27/27 MP: 2/2
   312 | D:1      | Noticed a walking divine tome
   314 | D:1      | Found Ysuckuts's Book Boutique.
   316 | D:1      | Noticed a walking frostbound tome
   938 | D:1      | Found a faded altar of an unknown god.
  1137 | D:1      | Reached XP level 3. HP: 33/33 MP: 3/3
  1788 | D:2      | Found a sparkling altar of Nemelex Xobeh.
  2187 | D:2      | Reached skill level 5 in Axes
  2306 | D:3      | Noticed Natasha
  2308 | D:3      | Noticed Sigmund
  2329 | D:3      | Killed Natasha
  2330 | D:3      | Reached XP level 4. HP: 7/41 MP: 4/4
  2339 | D:3      | Killed Sigmund
  2340 | D:3      | Reached skill level 6 in Axes
  2340 | D:3      | Reached skill level 1 in Armour
  2340 | D:3      | Reached XP level 5. HP: 8/47 MP: 5/5
  2340 | D:3      | Reached XP level 6. HP: 9/55 MP: 6/6
  2633 | D:3      | Noticed Natasha
  2648 | D:3      | Killed Natasha
  2798 | D:3      | Reached skill level 7 in Axes
  3131 | D:4      | Noticed a black bear
  3146 | D:4      | Killed a black bear
  3147 | D:4      | Reached skill level 5 in Fighting
  3307 | D:4      | Reached XP level 7. HP: 56/61 MP: 7/7
  3313 | D:4      | Found a sand-covered staircase.
  3319 | Ossuary  | Entered an ossuary
  3487 | Ossuary  | Reached skill level 8 in Axes
  3628 | Ossuary  | Reached skill level 9 in Axes
  4156 | D:4      | Reached XP level 8. HP: 59/71 MP: 8/8
  4624 | D:5      | Entered Level 5 of the Dungeon
  4884 | D:5      | Found a staircase to the Ecumenical Temple.
  4896 | Temple   | Entered the Ecumenical Temple
  5100 | Temple   | Became a worshipper of Ashenzari the Shackled
  5155 | D:5      | Reached * piety under Ashenzari
  5241 | D:5      | Found a hazy altar of Hepliaklqana.
  5748 | D:5      | Reached skill level 10 in Axes
  6210 | D:6      | Reached ** piety under Ashenzari
  6803 | D:7      | Reached XP level 9. HP: 81/82 MP: 9/9
  6843 | D:7      | Noticed Menkaure
  6862 | D:7      | Killed Menkaure
  6863 | D:7      | Reached skill level 11 in Axes
  6863 | D:7      | Reached skill level 5 in Armour
  7418 | D:7      | Reached skill level 1 in Stealth
  7738 | D:7      | Reached skill level 12 in Axes
  7812 | D:7      | Noticed Pikel
  7834 | D:7      | Killed Pikel
  8235 | D:7      | Reached skill level 13 in Axes
  8240 | D:7      | Reached XP level 10. HP: 81/91 MP: 10/10
  8617 | D:8      | Noticed a two-headed ogre
  8627 | D:8      | Killed a two-headed ogre
  8628 | D:8      | Reached skill level 14 in Axes
  8666 | D:8      | Found an ornate altar of the Wu Jian Council.
  8666 | D:8      | Found a bloodstained altar of Trog.
  8667 | D:8      | Found a shimmering blue altar of Sif Muna.
  8668 | D:8      | Noticed Erica
  8671 | D:8      | Found a sparkling altar of Nemelex Xobeh.
  8681 | D:8      | Killed Erica
  8690 | D:8      | Found a hide-covered altar of Uskayaw.
  8697 | D:8      | Found a shimmering altar of Xom.
  8743 | D:8      | Found a sacrificial altar of Ru.
  8744 | D:8      | Found an opulent altar of Gozag.
  8833 | D:8      | Reached *** piety under Ashenzari
  9190 | D:8      | Reached skill level 15 in Axes
  9385 | D:8      | Found a white marble altar of Elyvilon.
  9543 | D:8      | Noticed a juvenile firebat beast
  9562 | D:8      | Killed a juvenile firebat beast
  9563 | D:8      | Reached XP level 11. HP: 79/102 MP: 11/11
  9580 | D:8      | Reached skill level 16 in Axes
 10196 | D:9      | Reached skill level 10 in Fighting
 10542 | D:9      | Noticed a two-headed ogre
 10550 | D:9      | Killed a two-headed ogre
 10551 | D:9      | Reached skill level 17 in Axes
 10625 | D:9      | Reached **** piety under Ashenzari
 10908 | D:9      | Noticed a two-headed ogre
 10915 | D:9      | Killed a two-headed ogre
 10993 | D:9      | Noticed a two-headed ogre
 11000 | D:9      | Killed a two-headed ogre
 11194 | D:10     | Entered Level 10 of the Dungeon
 11194 | D:10     | Noticed a two-headed ogre
 11207 | D:10     | Killed a two-headed ogre
 11344 | D:10     | Noticed Sonja
 11376 | D:10     | Found a staircase to the Lair.
 11386 | D:10     | Killed Sonja
 11387 | D:10     | Reached XP level 12. HP: 35/115 MP: 12/12
 12112 | D:10     | Found a portal to a secret trove of treasure.
 12253 | Lair:1   | Entered Level 1 of the Lair of Beasts
 12316 | Lair:1   | Reached skill level 18 in Axes
 12465 | Lair:1   | Found a frozen archway.
 12496 | IceCv    | Entered an ice cave
 12506 | IceCv    | Reached skill level 10 in Armour
 12528 | IceCv    | Noticed a death yak
 12529 | IceCv    | Noticed a death yak
 12546 | IceCv    | Killed a death yak
 12567 | IceCv    | Killed a death yak
 12996 | IceCv    | Noticed a death yak
 12999 | IceCv    | Noticed a death yak
 13006 | IceCv    | Reached skill level 1 in Throwing
 13010 | IceCv    | Noticed a death yak
 13014 | IceCv    | Killed a death yak
 13021 | IceCv    | Killed a death yak
 13022 | IceCv    | Reached skill level 1 in Evocations
 13037 | IceCv    | Killed a death yak
 13038 | IceCv    | Reached XP level 13. HP: 80/127 MP: 13/13
 13039 | IceCv    | Reached skill level 19 in Axes
 13190 | IceCv    | Noticed a frost giant
 13212 | IceCv    | Killed a frost giant
 13981 | IceCv    | Upgraded the game from 0.31-a0-1165-g196b491b36 to
                  | 0.31-a0-1172-g9944ec47dd
 14253 | Lair:1   | Identified a scroll of acquirement
 14264 | Lair:1   | Acquired the ring "Paenk" {rN+ rCorr MP+9}
 14562 | Lair:1   | HP: 6/130 [15-headed hydra (3)]
 15914 | D:11     | Reached skill level 15 in Fighting
 16152 | D:11     | Found a staircase to the Orcish Mines.
 16743 | D:11     | Reached skill level 20 in Axes
 17211 | D:12     | Found Rantuatt's Book Boutique.
 17223 | D:12     | Found a runed translucent door.
 17394 | D:12     | Found a runed translucent door.
 17555 | D:12     | Reached XP level 14. HP: 128/140 MP: 14/14
 17574 | D:12     | Noticed Maurice
 17589 | D:12     | Killed Maurice
 17954 | D:12     | Noticed Phlounder's ghost (journeyman DjCA)
 17954 | D:12     | Noticed a lich
 17956 | D:12     | Identified the +8 great sword of Fee Simple {heavy, rElec}
 17956 | D:12     | Noticed a tengu reaver
 18190 | D:12     | Killed a lich
 18194 | D:12     | HP: 7/140 [tengu reaver/+3 glaive of flaming (1)]
 18196 | D:12     | HP: 3/140 [tengu reaver/+3 glaive of flaming (4)]
 18197 | D:12     | Mangled by a tengu reaver

Illustrated notes

Levels and vault maps discovered:
D:1:      minmay_arrival_plants_in_alcoves, layout_basic, serial_shops,
          nicolae_shop_mannequins, ebering_ecumenical_altar_abandoned,
          st_stairs_3, hangedman_glass_teeth
D:2:      layout_loops_ring, basic_altar, serial_forest,
          infiniplex_forest_clump_small, infiniplex_forest_end_2,
          infiniplex_forest_end_3, infiniplex_forest_lined_3,
          infiniplex_forest_clump_diagonal, infiniplex_forest_end_1,
          infiniplex_forest_lined_3, infiniplex_forest_corner_1,
          infiniplex_forest_clump_curved, minmay_misc_feat_iff
D:3:      layout_basic, uniq_natasha, uniq_sigmund
D:4:      layout_loops_ring, enter_ossuary_2, kennysheep_dice
D:5:      layout_loops_ring, mainiacjoe_overflow_alcove_4,
          minmay_temple_entry_mist
D:6:      layout_loops_ring
D:7:      layout_basic, uniq_pikel, uniq_menkaure
D:8:      layout_gridville, nicolae_elyvilon_peaceful_grove,
          nicolae_overflow_hallway_of_the_gods, nicolae_beast_mode, uniq_erica
D:9:      layout_loops_ring
D:10:     layout_rooms, hellmonk_lair_entry_icy, enter_trove_3,
          nicolae_houndstooth_variations, uniq_sonja
D:11:     layout_stronghold, david_orc_3, serial_undead, serial_undead_e,
          serial_undead_b, serial_undead_b, serial_undead_c, kb_rosetta
D:12:     layout_basic, serial_shops, nicolae_diamond_shop,
          muffindrake_ghost_dual_entry, serial_corexii_hall,
          corexii_hall_statues_s, corexii_hall_statues_s, uniq_maurice
Temple:   hellmonk_temple_forest_ring
Lair:1:   cheibrodos_lair_river_kwai, layout_cave_shapes,
          portal_ice_cave_entry_pillars_1, grunt_megastairs_3,
          infiniplex_staircase_pool_2
Lair:2:   layout_misc_corridors

Skill      XL: |  1  2  3  4  5  6  7  8  9 10 11 12 13 14 |
---------------+-------------------------------------------+-----
Fighting       | 4 5 6 7 8 9 11 13 15 | 15.8
Axes           | 5 6 7 9 10 13 15 17 18 20 | 20.4
Armour         | 1 2 3 4 6 8 9 10 12 | 12.7
Dodging        | 3 4 |  4.7
Stealth        | 1 2 |  2.0
Throwing       | 1 2 |  2.0
Evocations     | 1 |  1.1

Action                     |  1- 3 |  4- 6 |  7- 9 | 10-12 | 13-15 || total
---------------------------+-------+-------+-------+-------+-------++-------
  Melee: Hand axe          |   131 |    80 |   419 |       |       ||   630
         War axe           |       |       |    90 |   549 |   479 ||  1118
   Fire: Hand cannon       |       |       |       |       |     5 ||     5
  Throw: Dart              |       |       |       |    10 |       ||    10
 Invoke: Curse Item        |       |       |     4 |     2 |     1 ||     7
  Evoke: Wand              |       |       |       |     6 |       ||     6
         Box of beasts     |       |       |       |       |     1 ||     1
    Use: Scroll            |     4 |     1 |     4 |     6 |     3 ||    18
         Potion            |     1 |     2 |     1 |     1 |     5 ||    10
 Armour: Robe              |    19 |       |       |       |       ||    19
         Ring mail         |    52 |    67 |   112 |       |       ||   231
         Chain mail        |       |       |   126 |       |       ||   126
         Plate armour      |       |       |   129 |   462 |   535 ||  1126
  Dodge: Dodged            |    67 |    48 |   237 |   269 |   286 ||   907
         Form:             |     1 |       |       |       |       ||     1
         Blade             |     1 |       |       |       |       ||     1

Table legend: (Time is in decaauts)
 A = Elapsed time spent in this place.
 B = Non-inter-level travel time spent in this place.
 C = Inter-level travel time spent in this place.
 D = Time resting spent in this place.
 E = Time spent auto-exploring this place.
 F = Levels seen in this place.
 G = Mean time per level.
                   A        B        C        D        E       F      G
               +--------+--------+--------+--------+--------+-----+--------+
         Total |  17866 |  17866 |      0 |   5021 |      0 |  17 | 1050.9 |
       Dungeon |  14434 |  14434 |      0 |   3476 |      0 |  12 | 1202.8 |
        Temple |    222 |    222 |      0 |      0 |      0 |   1 |  222.0 |
          Lair |   1254 |   1254 |      0 |    544 |      0 |   2 |  627.0 |
       Ossuary |    420 |    420 |      0 |    110 |      0 |   1 |  420.0 |
      Ice Cave |   1534 |   1534 |      0 |    891 |      0 |   1 | 1534.0 |
               +--------+--------+--------+--------+--------+-----+--------+

Top non-repeatable levels by time:
    D:11: 1848 daAuts
     D:7: 1702 daAuts
   IceCv: 1534 daAuts
     D:8: 1495 daAuts
  Lair:1: 1246 daAuts
     D:1: 1234 daAuts
    D:10: 1136 daAuts
     D:9: 1105 daAuts
     D:5: 1049 daAuts
     D:4: 1045 daAuts
    D:12: 1040 daAuts
     D:2: 1031 daAuts
     D:3: 874 daAuts
     D:6: 869 daAuts
 Ossuary: 420 daAuts
